 Dungeon Crawl Stone Soup version 0.22-a0-197-g4ac3794 (webtiles) character file.

144 vishdafish the Ducker (level 5, 41/41 HPs)
             Began as a Demonspawn Gladiator on Feb 18, 2018.
             Quit the game on level 2 of the Dungeon.
             The game lasted 00:02:30 (1997 turns).

vishdafish the Ducker (Demonspawn Gladiator)        Turns: 1997, Time: 00:02:30

Health: 41/41      AC:  4    Str: 15    XL:     5   Next: 5%
Magic:  5/5        EV: 13    Int:  9    God:
Gold:   45         SH:  0    Dex: 15    Spells: 4/4 levels left

rFire    . . .     SeeInvis .   a - +0 long sword
rCold    + . .     Gourm    .   (no shield)
rNeg     . . .     Faith    .   b - +0 leather armour
rPois    .         Spirit   +   c - +0 helmet
rElec    .         Reflect  .   (no cloak)
rCorr    .         Harm     .   (no gloves)
MR       .....                  (no boots)
Stlth    +.........             (no amulet)
HPRegen  0.13/turn              (no ring)
MPRegen  0.09/turn              (no ring)

@: no status effects
A: talons 2, cold resistance 1, magic shield
a: no special abilities


You were on level 2 of the Dungeon.
You were not hungry.

You visited 1 branch of the dungeon, and saw 3 of its levels.

You collected 45 gold pieces.

Inventory:

Hand Weapons
 a - a +0 long sword (weapon)
Missiles
 d - a throwing net (quivered)
Armour
 b - a +0 leather armour (worn)
 c - a +0 helmet (worn)
 l - a +0 shield
Scrolls
 g - 2 scrolls of teleportation {unknown}
 h - 3 scrolls of identify {unknown}
 i - 3 scrolls of enchant armour {unknown}
 j - a scroll of immolation {unknown}
 k - a scroll of random uselessness {unknown}
 n - 2 scrolls of magic mapping {unknown}
Potions
 e - 2 potions of heal wounds {unknown}
 m - a potion of curing {unknown}
 o - a potion of invisibility {unknown}
Comestibles
 f - 2 rations


   Skills:
 + Level 3.0 Fighting
 - Level 3.2 Long Blades
 - Level 2.1 Throwing
 + Level 3.4 Dodging
 * Level 2.1 Unarmed Combat


You had 4 spell levels left.
You didn't know any spells.

Dungeon Overview and Level Annotations

Branches:
Dungeon (3/15)

Altars:
Dithmenos


Innate Abilities, Weirdness & Mutations

You have razor-sharp toenails.
Your flesh is cold resistant. (rC+)
When hurt, damage is shared between your health and your magic reserves.


Message History

No target in view!
No target in view!
No target in view!
Things that are here:
a club; a hobgoblin corpse
There is a stone staircase leading down here.
There is an open door, spattered with blood here.
There is an open door here.
There is an open door here.
There is an open door here.
You see here 20 stones.
You see here a short sword.
There is a stone staircase leading up here.
Things that are here:
16 stones; a club; a hunting sling
There is an open door here.
Key pressed, stopping explore.
A jackal comes into view.
The jackal barks!
Are you sure you want to abandon this character and quit the game? (Confirm with "yes".)

###.#...#..#)..#
#...#
#...#.#.#..#...#
#...#
#'###.#.#..#...#
#...#
......#....#...#
#####
......#....'...#
......#....#...#
......#...##...##
......#.#.......#####
.....<#.#.......@...#
......#..>..........#
......####..........#
####### #..........#
######.....# #..h..#
#.....# #.....#


You could see a jackal.

Vanquished Creatures
  Natasha (thrice) (D:2)
  An adder (D:2)
  A howler monkey skeleton (D:2)
  A dart slug (D:1)
  2 leopard geckos (D:1)
  A ball python (D:2)
  6 bats
  2 giant cockroaches
  6 goblins
  9 hobgoblins
  3 jackals (D:2)
  5 kobolds
  6 rats
46 creatures vanquished.

Notes
Turn   | Place    | Note
-------+----------+-------------------------------------------
     0 | D:1      | vishdafish the Demonspawn Gladiator began the quest for the Orb.
     0 | D:1      | Reached XP level 1. HP: 16/16 MP: 1/1
   224 | D:1      | Gained mutation: Your flesh is cold resistant. (rC+) [demonic ancestry]
   224 | D:1      | Reached XP level 2. HP: 16/22 MP: 2/2
   822 | D:2      | Gained mutation: You have sharp toenails. [demonic ancestry]
   822 | D:2      | Reached XP level 3. HP: 28/28 MP: 3/3
  1070 | D:2      | Noticed Natasha
  1079 | D:2      | Killed Natasha
  1079 | D:2      | Reached skill level 1 in Unarmed Combat
  1079 | D:2      | Gained mutation: You have razor-sharp toenails. [demonic ancestry]
  1079 | D:2      | Reached XP level 4. HP: 7/34 MP: 4/4
  1450 | D:2      | Noticed Natasha
  1590 | D:2      | Killed Natasha
  1686 | D:2      | Noticed Natasha
  1857 | D:2      | Killed Natasha
  1857 | D:2      | Gained mutation: When hurt, damage is shared between your health and your magic reserves. [demonic ancestry]
  1857 | D:2      | Reached XP level 5. HP: 39/41 MP: 5/5
  1880 | D:2      | Found a shadowy altar of Dithmenos.
  1997 | D:2      | Quit the game

Vault maps used:
D:1:      dpeg_arrival_shrine, columned_hall_lemuel,
          hangedman_decor_diamond_cutter
D:2:      minmay_crystal_water, nicolae_dithmenos_through_a_glass_darkly,
          uniq_natasha
D:3:      lemuel_coloured_pillars_altar, lemuel_round_altar, serial_bayou_pond_e

Skill      XL: |  1  2  3  4 |
---------------+-------------+-----
Long Blades    | 3 |  3.2
Throwing       | 2 |  2.1
Dodging        | 3 |  3.4
Unarmed Combat | 1 2 |  2.1
Fighting       | 3 |  3.0

Action                   |  1- 3 |  4- 6 || total
-------------------------+-------+-------++-------
Melee: Long sword        |    82 |    41 ||   123
       Kick              |    12 |    10 ||    22
Throw: Throwing net      |     4 |       ||     4
  Eat: Ration            |       |     1 ||     1
Armor: Leather armour    |    20 |    10 ||    30
Dodge: Dodged            |    81 |    28 ||   109
       Rpst.: Long sword |    24 |     5 ||    29

Table legend:
 A = Spawn XP
 B = Non-spawn XP
 C = Spawn XP percentage of total XP
 D = Spawn monster count
 E = Non-spawn monster count
 F = Spawn count percentage of total count
 G = Total turns spent on level
                    A         B        C        D         E        F      G
               +---------+---------+-------+---------+---------+-------+---------
         Total |       0 |     207 |   0.0 |       0 |      46 |   0.0 |  1997
               +---------+---------+-------+---------+---------+-------+---------
           D:1 |       0 |      35 |   0.0 |       0 |      17 |   0.0 |   992
           D:2 |       0 |     172 |   0.0 |       0 |      29 |   0.0 |   716
               +---------+---------+-------+---------+---------+-------+---------
